 Dungeon Crawl Stone Soup version 0.32-a0-135-g14f8b2e1af (webtiles) character file.

Game seed: 3825228380774862629

128 GordonOverkill the Vexing (level 4, -3/23 HPs)
             Began as a Spriggan Hexslinger on Feb 10, 2024.
             Slain by Crazy Yiuf
             ... wielding a +2 quarterstaff of chaos
              (12 damage)
             ... on level 3 of the Dungeon.
             The game lasted 00:07:00 (2565 turns).

GordonOverkill the Vexing (Spriggan Hexslinger)     Turns: 2565, Time: 00:07:01

Health: -3/23      AC:  2    Str: 10    XL:     4   Next: 86%
Magic:  6/8        EV: 17    Int: 14    God:
Gold:   131        SH:  4    Dex: 19    Spells: 2/7 levels left

rFire   . . .        a - +1 sling
rCold   . . .        (no shield)
rNeg    . . .        c - +0 robe
rPois   .            (helmet restricted)
rElec   .            (no cloak)
rCorr   .            (gloves unavailable)
SInv    +            (boots unavailable)
Will    .....        (no amulet)
Stlth   ++           h - +6 ring of strength
HPRegen 0.23/turn    (no ring)
MPRegen 0.11/turn

%: no passive effects
@: lethally poisoned (-3 -> -7), weak-willed, enlightened, flying, very quick
A: very small, no large weapons, unfitting armour, see invisible, speed 3, large
bone plates 1, no potion heal 1, MP-powered wands
a: no special abilities


You were on level 3 of the Dungeon.
You visited 1 branch of the dungeon, and saw 3 of its levels.

You collected 131 gold pieces.

Inventory:

Hand Weapons
 a - a +1 sling (weapon)
 u - a +0 short sword of venom
Armour
 c - a +0 robe (worn)
Jewellery
 h - a +6 ring of strength (left hand)
 t - a ring of willpower
Wands
 s - a wand of charming (5)
Scrolls
 b - a scroll of poison
 j - a scroll of torment
 k - a scroll of fog {unknown}
 l - 2 scrolls of noise {unknown}
 n - a scroll of teleportation {unknown}
 o - 2 scrolls of identify
 p - 2 scrolls of enchant weapon
 q - a scroll of vulnerability {unknown}
Potions
 e - a potion of enlightenment
 g - a potion of invisibility {unknown}
 i - a potion of resistance {unknown}
 m - a potion of cancellation {unknown}
 r - a potion of might {unknown}


   Skills:
 - Level 2.0 Fighting
 - Level 4.0 Ranged Weapons
 - Level 2.6 Dodging
 + Level 2.2 Spellcasting
 - Level 4.0 Hexes
 - Level 1.0 Fire Magic


You had 2 spell levels left.
You knew the following spells:

 Your Spells              Type           Power      Damage    Failure   Level
a - Jinxbite              Hex            24%        N/A       7%          2
b - Sigil of Binding      Hex            12%        N/A       14%         3

Your spell library contained the following spells:

 Spells                   Type           Power      Damage    Failure   Level
 Necrotise                Necr           4%         1d4       24%         1
 Inner Flame              Hex/Fire       8%         N/A       26%         3
 Cause Fear               Hex            6%         N/A       41%         4
 Vampiric Draining        Necr           1%         2d6       56%         3
 Dimensional Bullseye     Hex/Tloc       3%         N/A       71%         4
 Martyr's Knell           Necr/Summ      1%         N/A       93%         4
 Curse of Agony           Necr           1%         N/A       100%        5


Dungeon Overview and Level Annotations

Branches:
Dungeon (3/15)

Altars:
Cheibriados

Annotations:
D:3 Crazy Yiuf


Innate Abilities, Weirdness & Mutations

You are very small and have problems with some larger weapons.
You are too small for most types of armour.
You have supernaturally acute eyesight. (SInv)
You cover ground extremely quickly. (Speed+++)
You are partially covered in large bone plates. (SH +4)
Potions are less effective at restoring your health.
You expend magic power (3 MP) to strengthen your wands.


Message History

You shoot a sling bullet.
The sling bullet barely misses Crazy Yiuf.
Okay, then.
Okay, then.
Unknown command.
Aiming: Charm
Press: ? - help, Shift-Dir - straight line, f/p - Crazy Yiuf
Aim: Crazy Yiuf, wielding a +2 quarterstaff of chaos and wearing a +1 cloak of willpower (heavily wounded, chance to call a sprite on attack: 21%, chance to affect: 23%)
Okay, then.
Unknown command.
As you read the scroll labelled YTHEGRUCURR, it crumbles to dust.
Your body is wracked with pain!
* * * LOW HITPOINT WARNING * * *
Crazy Yiuf convulses!
It was a scroll of torment.
The jinxing sprites lose interest in you.
Crazy Yiuf closely misses you.
As you read the scroll labelled OHEREMP KILUA, it crumbles to dust.
It is a scroll of identify.
p - 2 scrolls of enchant weapon Crazy Yiuf cries, "Gnoll!
Cholesterol foot sallow."
Crazy Yiuf hits you with a +2 quarterstaff of chaos.
* * * LOW HITPOINT WARNING * * *
You are lethally poisoned!
It was a potion of enlightenment.
You feel very buoyant.
You fly up into the air.
* * * LOW HITPOINT WARNING * * *
You feel sick. Crazy Yiuf barely misses you.
It was a potion of mutation.
You feel extremely strange.
Large bone plates grow over parts of your arms.
Your system partially rejects the healing effects of potions.
You feel your magical essence link to the dungeon's wands.
* * * LOW HITPOINT WARNING * * *
You feel sick. You block Crazy Yiuf's attack.
It was a potion of heal wounds.
Your system partially rejects the healing.
You feel much better.
You feel sick.
Crazy Yiuf hits you with a +2 quarterstaff of chaos!
Ouch! That really hurt!
You die...

#..g.#
#.#
#P.P.#
#.#
#..P##
#.#
##.##
#.#
#.##
#.#
##.#
#.# ##
#g##
#.# .#
##.#
#g#
.#####
#'#
#@#
.....#
...
###
.#####
#...#
.#
#..)#
##
#####


You could see Crazy Yiuf.

Vanquished Creatures
  Terence (D:3)
  An orc wizard (D:3)
  2 adders (D:3)
  A ribbon worm (D:3)
  A dart slug (D:1)
  7 orcs (D:3)
  6 ball pythons
  4 bats
  7 endoplasms
  3 giant cockroaches
  3 hobgoblins
  5 kobolds
  A quokka (D:3)
  3 frilled lizards (D:1)
  4 rats
49 creatures vanquished.

Notes
Turn   | Place    | Note
-------+----------+-------------------------------------------
     0 | D:1      | GordonOverkill the Spriggan Hexslinger began the quest for
                  | the Orb.
     0 | D:1      | Reached XP level 1. HP: 9/9 MP: 3/3
    52 | D:1      | Reached skill level 1 in Fighting
   171 | D:1      | Reached XP level 2. HP: 14/14 MP: 5/5
   871 | D:2      | Learned a level 2 spell: Jinxbite
   985 | D:2      | Found a faded altar of an unknown god.
  1412 | D:3      | Reached XP level 3. HP: 18/18 MP: 4/7
  1420 | D:3      | Reached skill level 1 in Fire Magic
  1429 | D:3      | Reached XP level 4. HP: 5/22 MP: 2/8
  1626 | D:3      | Identified the +5 whip "Eviscerator" {holy, rElec Int+2
                  | Dex+3 SInv}
  1724 | D:3      | Noticed Terence
  1755 | D:3      | Killed Terence
  1927 | D:3      | Learned a level 3 spell: Sigil of Binding
  2004 | D:3      | Noticed a torpor snail
  2007 | D:3      | Found a snail-covered altar of Cheibriados.
  2007 | D:3      | Noticed a torpor snail
  2007 | D:3      | Noticed a torpor snail
  2472 | D:3      | Found a runed translucent door.
  2473 | D:3      | Noticed Crazy Yiuf
  2564 | D:3      | Gained mutation: You are partially covered in large bone
                  | plates. (SH +4) [potion of mutation]
  2564 | D:3      | Gained mutation: Potions are less effective at restoring
                  | your health. [potion of mutation]
  2564 | D:3      | Gained mutation: You expend magic power (3 MP) to
                  | strengthen your wands. [potion of mutation]
  2565 | D:3      | Slain by Crazy Yiuf

Illustrated notes

Levels and vault maps discovered:
D:1:      amcnicky_arrival_double_pillar, layout_basic
D:2:      layout_basic, nicolae_ecumenical_oubliette
D:3:      layout_basic, cheibriados_altar_2, minmay_surrounded,
          uniq_crazy_yiuf_cottage, uniq_terence

Skill      XL: |  1  2  3  4 |
---------------+-------------+-----
Fighting       | 1 2 |  2.0
Ranged Weapons | 3 4 |  4.0
Spellcasting   | 2 |  2.2
Hexes          | 4 |  4.0
Fire Magic     | 1 |  1.0
Dodging        | |  2.6

Action                     |  1- 3 |  4- 6 || total
---------------------------+-------+-------++-------
   Fire: Sling             |    59 |    42 ||   101
   Cast: Jinxbite          |     6 |    15 ||    21
         Sigil of Binding  |       |     2 ||     2
    Use: Potion            |       |     3 ||     3
         Scroll            |       |     2 ||     2
 Armour: Robe              |     6 |     4 ||    10
  Dodge: Dodged            |    11 |     8 ||    19
  Block: Other             |       |     1 ||     1

Table legend: (Time is in decaauts)
 A = Elapsed time spent in this place.
 B = Non-inter-level travel time spent in this place.
 C = Inter-level travel time spent in this place.
 D = Time resting spent in this place.
 E = Time spent auto-exploring this place.
 F = Levels seen in this place.
 G = Mean time per level.
                   A        B        C        D        E       F      G
               +--------+--------+--------+--------+--------+-----+--------+
         Total |   1790 |   1764 |     26 |    234 |   1228 |   3 |  596.7 |
       Dungeon |   1790 |   1764 |     26 |    234 |   1228 |   3 |  596.7 |
               +--------+--------+--------+--------+--------+-----+--------+

Top non-repeatable levels by time:
     D:3: 921 daAuts
     D:1: 465 daAuts
     D:2: 403 daAuts
